AoeStats
← 恆浪蕩

Fortress

509299619Analyzed
4v4 RM · 4d ago on Sep 26, 2026· 32m 44s· 8 players
Game mode
Random Map
Map size
Huge
Population
200
Speed
Normal
Resources
Standard
Victory
Conquest
Starting age
Dark Age
Ending age
Imperial Age
RankedLock teamsTeams togetherTeam positionsShared explorationLock speedFull tech treeHidden civsTurbo modeCheats
Victory
Defeat
🇨🇳 Inca · China
1617
+17
🇨🇭 Spanish · Switzerland
1613
+17
🇦🇺 Franks · Australia
1590
+18
🇲🇴 Berbers · Macao SAR China
1517
+22
🇹🇼 Goths · Taiwan
1705
-20
🇦🇷 Gurjaras · Argentina
1669
-20
🇹🇼 Malay · Taiwan
1603
-17
🇹🇼 Vikings · Taiwan
1592
-17
屁屁人
6:48 Feudal Age
8:32 Loom
11:03 Castle Age
8:55 Double-Bit Axe
10:00 Gold Mining
10:48 Fletching
11:57 Horse Collar
14:27 Guard Tower
20:33 Bodkin Arrow
30:37 Imperial Age
29:08 Padded Archer Armor
31:21 Leather Archer Armor
33:14 Bracer
33:30 Bow Saw
ResonanceFreq
6:43 Feudal Age
10:15 Castle Age
8:45 Double-Bit Axe
12:47 Bow Saw
19:29 Wheelbarrow
19:35 Wheelbarrow
19:09 Gold Mining
24:22 Imperial Age
21:57 Loom
22:59 Hand Cart
23:25 Gold Shaft Mining
23:18 Scale Barding Armor
24:21 Chain Barding Armor
24:11 Forging
24:31 Husbandry
24:24 Cavalier
25:06 Chivalry
25:26 Conscription
25:42 Plate Barding Armor
26:44 Murder Holes
26:40 Fletching
27:27 Iron Casting
26:16 Paladin
27:47 Scale Mail Armor
29:21 Blast Furnace
29:44 Chain Mail Armor
30:25 Caravan
30:56 Coinage
29:50 Elite Throwing Axeman
33:15 Plate Mail Armor
33:32 Banking
Maelgwyn
7:00 Feudal Age
10:31 Castle Age
8:40 Horse Collar
9:01 Double-Bit Axe
11:38 Bow Saw
16:48 Heavy Plow
18:53 Wheelbarrow
18:56 Gold Mining
20:08 Hand Cart
25:04 Imperial Age
23:00 Stone Mining
24:04 Loom
24:48 Bloodlines
24:39 Husbandry
24:40 Padded Archer Armor
25:02 Caravan
26:09 Conscription
26:09 Leather Archer Armor
25:45 Fletching
26:17 Ballistics
26:58 Chemistry
26:09 Masonry
27:11 Two-Man Saw
27:29 Bodkin Arrow
29:15 Ring Archer Armor
29:58 Supremacy
30:41 Elite Conquistador
32:02 Sappers
小白
7:49 Feudal Age
11:32 Castle Age
9:27 Double-Bit Axe
9:45 Horse Collar
12:21 Heavy Plow
12:33 Bow Saw
13:43 Bow Saw
15:09 Loom
19:36 Wheelbarrow
19:31 Gold Mining
22:28 Gold Shaft Mining
21:44 Stone Mining
26:36 Imperial Age
24:18 Squires
24:27 Scale Mail Armor
25:13 Stone Shaft Mining
25:52 Chain Mail Armor
25:55 Hand Cart
26:41 Fletching
27:18 Bodkin Arrow
27:25 Andean Sling
27:46 Conscription
27:52 Conscription
27:54 Ballistics
28:35 Chemistry
27:56 Padded Archer Armor
28:06 Bracer
29:03 Plate Mail Armor
28:54 Thumb Ring
28:52 Padded Archer Armor
29:21 Fabric Shields
30:38 Forging
31:15 Leather Archer Armor
32:57 Ring Archer Armor
32:12 Elite Kamayuk
默默默默默
7:09 Feudal Age
10:48 Castle Age
9:48 Double-Bit Axe
10:07 Horse Collar
12:14 Bow Saw
12:51 Loom
17:12 Fletching
20:23 Town Watch
22:52 Bodkin Arrow
24:45 Wheelbarrow
25:54 Hand Cart
27:15 Gold Mining
32:02 Imperial Age
31:13 Padded Archer Armor
30:42 Elite Skirmisher
恆浪蕩
7:38 Feudal Age
8:45 Loom
11:22 Castle Age
9:37 Double-Bit Axe
11:31 Town Watch
13:48 Bow Saw
13:58 Horse Collar
15:46 Heavy Plow
20:09 Gold Mining
24:49 Imperial Age
22:47 Squires
23:00 Scale Mail Armor
23:11 Forging
23:33 Chieftains
23:44 Arson
24:15 Chain Mail Armor
23:54 Treadmill Crane
24:54 Stone Mining
25:05 Elite Varangian Guard
26:32 Capped Ram
27:54 Plate Mail Armor
29:37 Iron Casting
31:56 Blast Furnace
30:21 Siege Ram
30:28 Pikeman
32:43 Siege Engineers
Kevin10_7414
7:51 Feudal Age
9:08 Horse Collar
11:32 Castle Age
10:01 Double-Bit Axe
12:26 Bow Saw
12:21 Heavy Plow
16:18 Loom
17:35 Wheelbarrow
20:12 Town Watch
20:42 Hand Cart
24:22 Imperial Age
23:33 Scale Mail Armor
23:44 Forging
24:13 Anarchy
23:37 Pikeman
24:17 Squires
26:23 Chemistry
25:19 Halberdier
27:47 Conscription
28:43 Chain Mail Armor
29:03 Iron Casting
28:31 Padded Archer Armor
28:52 Crossbowman
friend00792
8:55 Feudal Age
9:05 Feudal Age
9:12 Double-Bit Axe
9:26 Horse Collar
12:12 Castle Age
12:19 Bow Saw
12:47 Bow Saw
13:10 Heavy Plow
20:41 Wheelbarrow
20:57 Loom
24:10 Imperial Age
21:59 Gold Mining
22:44 Hand Cart
24:41 Chemistry
23:36 Elite Karambit Warrior
24:39 Stone Mining
25:20 Forging
26:37 Iron Casting
28:32 Blast Furnace
29:03 Sanctity
28:51 Siege Engineers
30:16 Fletching
30:48 Ballistics
31:26 Bodkin Arrow
Connection lost

Rejoining the realm…

Still unreachable

The connection could not be restored.

Session expired

The server has moved on; the page needs a fresh start.